 Dungeon Crawl Stone Soup version 0.30.1-9-gdf580d7c3d (webtiles) character file.

Game seed: 3730526119678604903

232 Cade the Cudgeller (level 5, 0/47 HPs)
             Began as a Minotaur Berserker on Oct 21, 2023.
             Was a Priest of Trog.
             Slain by a lemure (5 damage)
             ... led by Pikel
             ... on level 4 of the Dungeon.
             The game lasted 00:10:30 (1654 turns).

Cade the Cudgeller (Minotaur Berserker)             Turns: 1654, Time: 00:10:31

Health: 0/47       AC:  9    Str: 24    XL:     5   Next: 73%
Magic:  4/4        EV:  9    Int:  4    God:    Trog [***...]
Gold:   163        SH:  0    Dex:  5    Spells: 4/4 levels left

rFire   x . .        i - +2 dagger (drain)
rCold   + . .        (no shield)
rNeg    . . .        e - +0 chain mail
rPois   .            (helmet restricted)
rElec   .            (no cloak)
rCorr   +            (no gloves)
SInv    +            (no boots)
Will    .....        (no amulet) Stlth
                     m - ring "Imezaen" {Ice rCorr Dex-4 Slay+3 SInv}
HPRegen 0.27/turn    (no ring)
MPRegen 0.09/turn

%: no passive effects
@: no status effects
A: horns 2, retaliatory headbutt
a: Renounce Religion, Berserk, Trog's Hand


You were on level 4 of the Dungeon.
You worshipped Trog.
Trog was most pleased with you.
You visited 1 branch of the dungeon, and saw 4 of its levels.

You collected 163 gold pieces.

Inventory:

Hand Weapons
 a - a +0 mace
 i - a +2 dagger of draining (weapon)
 r - a +0 flail
Armour
 b - a +0 animal skin
 e - a +0 chain mail (worn)
 q - a +0 chain mail
Jewellery
 m - the ring "Imezaen" (left hand) {Ice rCorr Dex-4 Slay+3 SInv}
   (You found it on level 2 of the Dungeon)

   [ring of ice]

   It enhances your ice magic.
   Dex:       It affects your dexterity (-4).
   Slay:      It affects your accuracy & damage with ranged weapons and melee
   (+3).
   rF:        It makes you vulnerable to fire.
   rC:        It protects you from cold.
   SInv:      It lets you see invisible.
   rCorr:     It protects you from acid and corrosion.
Scrolls
 c - 2 scrolls of vulnerability
 f - a scroll of fog {unknown}
 h - a scroll of amnesia {unknown}
 k - a scroll of enchant weapon {unknown}
 p - a scroll of identify
 s - a scroll of immolation {unknown}
Potions
 g - a potion of lignification {unknown}
 j - a potion of attraction {unknown}
 l - a potion of ambrosia {unknown}
 n - a potion of mutation
 o - a potion of heal wounds {unknown}


   Skills:
 + Level 4.8 Fighting
 + Level 6.1 Maces & Flails
 + Level 3.5 Armour
 + Level 3.2 Dodging
 + Level 0.2 Stealth


You had 4 spell levels left.
You didn't know any spells.
Your spell library was empty.

Dungeon Overview and Level Annotations

Branches:
Dungeon (4/15)
 Temple: D:4-7

Altars:
Elyvilon

Shops:
D:2 =

Annotations:
D:4 Pikel


Innate Abilities, Weirdness & Mutations

You have a pair of horns on your head.
You reflexively headbutt those who attack you in melee.


Message History

Pikel hits you but does no damage. The lemure barely misses you.
The lemure hits you but does no damage.
As you read the scroll of identify, it crumbles to dust.
n - a potion of mutation Pikel hits you but does no damage.
The lemure hits you. The lemure hits you but does no damage.
The lemure hits you.
You hit the lemure.
The lemure is lightly wounded.
Pikel hits you but does no damage. The lemure hits you.
The lemure barely misses you. The lemure hits you but does no damage.
You feel better. Pikel barely misses you. The lemure closely misses you.
The lemure hits you!
The lemure hits you but does no damage. x2
You feel better. The lemure hits you. Pikel barely misses you.
The lemure hits you. The lemure closely misses you.
The lemure hits you but does no damage.
You hit the lemure.
The lemure is moderately wounded.
Pikel says, "Hell isn't that bad."
Pikel hits you with a +1 whip of freezing.
The lemure hits you.
The lemure hits you but does no damage. x2
The lemure hits you.
* * * LOW HITPOINT WARNING * * *
The lemure hits you but does no damage. x2
Pikel attacks as you move away! Pikel hits you but does no damage.
The lemure attacks as you move away! The lemure hits you.
* * * LOW HITPOINT WARNING * * *
The lemure attacks as you move away! The lemure closely misses you.
You furiously retaliate!
You headbutt the lemure!
Really walk into that dispersal trap? [Y]es or [N]o only, please.
Really walk into that dispersal trap?
You enter a dispersal trap!
The lemure blinks! x2; Pikel blinks!
The lemure blinks! x7; You blink.
You hit the lemure. Your headbutt misses the lemure.
The lemure is heavily wounded.
The lemure hits you.
* * * LOW HITPOINT WARNING * * *
The lemure hits you but does no damage. The lemure hits you.
You die...

....? .........# .....
##........##
#...####..........#
#...##.......5...#
#..#.......5....##.
#.......K.......... #
##...............# #
#....§...5§.....# #
#.$.§....5@.....#
#######..†..^........##
....................##
..[................##
..................##
#########).##....##
#####.#######
####.....# .........##


You could see Pikel and 4 lemures.

Vanquished Creatures
  An orc priest (D:3)
  An iguana (D:4)
  6 gnolls
  3 adders
  2 worms
  10 orcs
  4 endoplasms
  5 giant cockroaches
  9 goblins
  5 hobgoblins
  2 quokkas
  6 ball pythons
  7 bats
  9 frilled lizards
  9 kobolds
  4 rats
83 creatures vanquished.

Notes
Turn   | Place    | Note
-------+----------+-------------------------------------------
     0 | D:1      | Cade the Minotaur Berserker began the quest for the Orb.
     0 | D:1      | Reached XP level 1. HP: 19/19 MP: 0/0
   172 | D:1      | Reached XP level 2. HP: 27/27 MP: 1/1
   175 | D:1      | Reached skill level 4 in Maces & Flails
   373 | D:2      | Reached ** piety under Trog
   520 | D:2      | Reached XP level 3. HP: 33/33 MP: 2/2
   734 | D:2      | Identified the ring "Imezaen" {Ice rCorr Dex-4 Slay+3 SInv}
   780 | D:2      | Reached XP level 4. HP: 28/41 MP: 3/3
   813 | D:2      | Found Kococ's Jewellery Emporium.
   986 | D:3      | Found a white marble altar of Elyvilon.
  1047 | D:3      | Reached skill level 5 in Maces & Flails
  1115 | D:3      | Reached XP level 5. HP: 43/47 MP: 4/4
  1220 | D:3      | Reached *** piety under Trog
  1629 | D:4      | Reached skill level 6 in Maces & Flails
  1635 | D:4      | Noticed a lemure
  1635 | D:4      | Noticed a lemure
  1636 | D:4      | Noticed Pikel
  1636 | D:4      | Noticed a lemure
  1637 | D:4      | Noticed a lemure
  1654 | D:4      | Slain by a lemure

Illustrated notes

Levels and vault maps discovered:
D:1:      dpeg_arrival_prison, layout_rooms
D:2:      minmay_razor_zed, layout_loops_cross, serial_shops, shop,
          hangedman_feature_mirror, minmay_tetromino_i2
D:3:      layout_basic, elyvilon_altar_3, reono_crystal_passage,
          chequers_decorated_corner
D:4:      layout_cave_pods, minmay_temple_entry_antechambers, minivault_19,
          uniq_pikel, uniq_menkaure

Skill      XL: |  1  2  3  4  5 |
---------------+----------------+-----
Fighting       | 4 |  4.8
Maces & Flails | 4 5 6 |  6.1
Armour         | 3 |  3.5
Dodging        | 3 |  3.2
Stealth        | |  0.2

Action                     |  1- 3 |  4- 6 || total
---------------------------+-------+-------++-------
  Melee: Mace              |    76 |    67 ||   143
         Headbutt          |    11 |    19 ||    30
         Dagger            |       |    22 ||    22
    Use: Scroll            |       |     3 ||     3
         Potion            |       |     2 ||     2
 Armour: Animal skin       |    17 |       ||    17
         Chain mail        |    21 |    61 ||    82
  Dodge: Dodged            |    55 |    56 ||   111
